 Dungeon Crawl Stone Soup version 0.20-a0-650-gd54866b (webtiles) character file.

1682 M4edhros the Shield-Bearer (level 9, -15/62 HPs)
             Began as an Octopode Artificer on Feb 16, 2017.
             Was a Believer of Fedhas.
             Demolished by Prince Ribbit (18 damage)
             ... on level 6 of the Dungeon.
             The game lasted 00:12:04 (6817 turns).

M4edhros the Shield-Bearer (Octopode Artificer)     Turns: 6817, Time: 00:12:05

Health: -15/62     AC:  1    Str: 11    XL:     9   Next: 2%
Magic:  12/12      EV: 11    Int: 14    God:    Fedhas [**....]
Gold:   315        SH: 16    Dex: 15    Spells: 8/8 levels left

rFire    . . .     SeeInvis .   u - +2 hunting sling
rCold    . . .     Gourm    .   j - +2 large shield
rNeg     . . .     Faith    .   (helmet restricted)
rPois    .         Spirit   .   (no amulet)
rElec    +         Reflect  .   (no ring)
rCorr    .         Harm     .   (no ring)
MR       .....                  (no ring)
Stlth    ++++......             (no ring)
Regen    0.2/turn               (no ring)
MPRegen  0.2/turn               (no ring)
                                (no ring)
                                (no ring)

@: no status effects
A: almost no armour, stealthy swim, amphibious, 8 rings, constrict 8, camouflage
1, robust 1, electricity resistance, gelatinous body 1
a: Fungal Bloom, Evolution, Sunlight, Renounce Religion


You were on level 6 of the Dungeon.
You worshipped Fedhas.
Fedhas was pleased with you.
You were not hungry.

You visited 2 branches of the dungeon, and saw 7 of its levels.

You collected 375 gold pieces.
You spent 60 gold pieces at shops.

Inventory:

Hand Weapons
 a - a +0 short sword
 e - a +0 blowgun
 u - a +2 hunting sling (weapon)
Missiles
 h - 123 stones (quivered)
 v - 22 sling bullets
 w - 48 poisoned needles
Armour
 j - a +2 large shield (worn)
Wands
 b - a wand of flame (16/48)
 c - a wand of enslavement (11/24)
 d - a wand of random effects (9/48)
 m - a wand of disintegration (16/24)
 s - a wand of confusion (5/48)
 t - a wand of polymorph (11/24)
Scrolls
 k - 4 scrolls of remove curse
 o - 4 scrolls of teleportation
 x - 3 scrolls of identify
 y - a scroll of fear {unknown}
 B - 2 scrolls of recharging
 C - 2 scrolls of noise {unknown}
 D - a scroll of magic mapping {unknown}
Potions
 g - 2 potions of resistance
 i - 3 potions of lignification
 l - a potion of agility
 n - a potion of curing
 p - a potion of brilliance
 z - 2 potions of haste
 A - a potion of flight
Comestibles
 f - 3 bread rations
 q - 4 fruits
 r - 4 meat rations


   Skills:
 + Level 3.4 Fighting
 - Level 1.0 Short Blades
 + Level 3.6 Slings
 + Level 4.0 Dodging
 - Level 5.5 Stealth
 * Level 7.0 Shields
 + Level 1.9 Invocations
 + Level 5.3 Evocations


You had 8 spell levels left.
You didn't know any spells.

Dungeon Overview and Level Annotations

Branches:
Dungeon (6/15)             Temple (1/1) D:6

Altars:
Ashenzari
Dithmenos
Elyvilon
Fedhas
Gozag
Hepliaklqana
Kikubaaqudgha
Makhleb
Nemelex Xobeh
Okawaru
Ru
Sif Muna
Trog
Xom
Yredelemnul
Zin

Shops:
D:4 }   D:5 (

Annotations:
D:6 Prince Ribbit


Innate Abilities, Weirdness & Mutations

You cannot wear most types of armour.
You are very stealthy in the water. (Stealth+)
You are amphibious.
You can wear up to eight rings at the same time.
You can use your tentacles to constrict eight enemies at once.
Your skin changes colour to match your surroundings (Stealth+).
Your rubbery body absorbs attacks. (AC +1, EV +1)
You are robust. (+10% HP)
You are resistant to electric shocks. (rElec)


Message History

Aim: an orc, wielding a club and wearing a ring mail (severely wounded, chance to defeat MR: 77%) Nothing appears to happen.
This wand has 13 charges left.
Something hits you. Something hits you!
Evoke which item? (* to show all) (? for menu, Esc to quit)
Aiming: Enslavement
Press: ? - help, Shift-Dir - straight line, f - orc
Aim: an orc, wielding a club and wearing a ring mail (severely wounded, chance to defeat MR: 77%) Nothing appears to happen.
This wand has 12 charges left.
Something hits you!
* * * LOW HITPOINT WARNING * * *
You block the orc's attack. Something hits you.
* * * LOW HITPOINT WARNING * * *
Evoke which item? (* to show all) (? for menu, Esc to quit)
Aiming: Enslavement
Press: ? - help, Shift-Dir - straight line, f - orc
Aim: an orc, wielding a club and wearing a ring mail (severely wounded, chance to defeat MR: 77%) Nothing appears to happen.
This wand has 11 charges left.
Something hits you!
* * * LOW HITPOINT WARNING * * *
You block the orc's attack. Something hits you!!
You die...
Fedhas appreciates your contribution to the ecosystem.

.........# #.....#####........#.
.......#.####.....#####..##.#.##.
########.^..+.....##.....##.#.##.
######.....##.###.##.#.#
####..##.#####..... #..........
.#. #..)....##. . .. #....#### ..
#..@.# #..{o...... #..........
#.......... #......(...
#.......... #........(.
#####.....(


You could see an orc.

Vanquished Creatures
  Grinder (D:4)
  A sky beast (D:6)
  A black bear (D:6)
  2 centaurs (D:5)
  4 scorpions
  A crimson imp (D:5)
  A centaur zombie (D:5)
  2 bullfrog zombies (D:5)
  2 jellies
  An orc priest (D:5)
  Crazy Yiuf (D:5)
  2 hounds
  2 orc wizards
  Jessica (D:3)
  4 worker ants
  Natasha (thrice) (D:3)
  2 iguanas
  2 worker ant zombies (D:5)
  4 gnolls
  6 adders
  2 shadow imps
  An ooze (D:3)
  3 dart slugs
  3 worms
  3 leopard geckos
  9 orcs
  A ball python (D:4)
  9 bats
  7 giant cockroaches
  11 goblins
  13 hobgoblins
  15 jackals
  4 quokkas
  5 frilled lizards
  A jackal zombie (D:5)
  14 kobolds
  A quokka zombie (D:6)
  2 rats
  2 fungi (D:5)
149 creatures vanquished.

Vanquished Creatures (collateral kills)
  Sigmund (D:5)
  3 orcs (D:5)
4 creatures vanquished.

Vanquished Creatures (others)
  19 toadstools
19 creatures vanquished.

Grand Total: 172 creatures vanquished

Notes
Turn   | Place    | Note
-------+----------+-------------------------------------------
     0 | D:1      | M4edhros the Octopode Artificer began the quest for the Orb.
     0 | D:1      | Reached XP level 1. HP: 13/13 MP: 3/3
    41 | D:2      | Reached XP level 2. HP: 10/18 MP: 4/4
   107 | D:3      | Noticed Natasha
   110 | D:3      | Killed Natasha
   110 | D:3      | Reached skill level 1 in Shields
   110 | D:3      | Reached XP level 3. HP: 18/23 MP: 5/5
   142 | D:3      | Noticed Jessica
   150 | D:3      | Killed Jessica
   150 | D:3      | Reached skill level 2 in Shields
   150 | D:3      | Reached XP level 4. HP: 21/28 MP: 6/6
   314 | D:3      | You fall through a shaft for 2 floors!
   314 | D:5      | Entered Level 5 of the Dungeon
   419 | D:4      | Reached skill level 3 in Shields
   534 | D:3      | Noticed Natasha
   547 | D:3      | Killed Natasha
   547 | D:3      | Reached XP level 5. HP: 6/33 MP: 7/7
   823 | D:4      | Found a basalt altar of Yredelemnul.
   925 | D:3      | Gained mutation: You are robust. (+10% HP) [potion of mutation]
   925 | D:3      | Gained mutation: You are resistant to electric shocks. (rElec) [potion of mutation]
   963 | D:3      | Noticed Natasha
  1006 | D:3      | Killed Natasha
  1006 | D:3      | Reached skill level 5 in Stealth
  1150 | D:4      | Reached skill level 4 in Shields
  1481 | D:4      | Reached XP level 6. HP: 31/41 MP: 8/8
  1586 | D:4      | Found Iveariacs's Gadget Shop.
  1605 | D:4      | Bought a wand of confusion (6/48) for 60 gold pieces
  1713 | D:5      | Found Loiteroepn's Weapon Emporium.
  1783 | D:5      | Reached skill level 1 in Slings
  1783 | D:5      | Reached skill level 5 in Shields
  1783 | D:5      | Reached XP level 7. HP: 16/47 MP: 9/9
  2534 | D:5      | Noticed Sigmund
  2565 | D:5      | Killed Sigmund
  2802 | D:5      | Reached XP level 8. HP: 23/56 MP: 11/11
  3342 | D:5      | Found a runed door.
  3346 | D:5      | Noticed Crazy Yiuf
  3355 | D:5      | Killed Crazy Yiuf
  3355 | D:5      | Reached skill level 6 in Shields
  3486 | D:6      | Found a staircase to the Ecumenical Temple.
  3502 | Temple   | Entered the Ecumenical Temple
  3582 | Temple   | Became a worshipper of Fedhas Madash
  4224 | D:1      | Reached * piety under Fedhas
  4461 | D:2      | Found a shattered altar of Ashenzari.
  5876 | D:4      | Reached ** piety under Fedhas
  6236 | D:4      | Noticed Grinder
  6257 | D:4      | Killed Grinder
  6257 | D:4      | Reached skill level 5 in Evocations
  6483 | D:4      | Reached skill level 1 in Invocations
  6661 | D:6      | Reached XP level 9. HP: 62/62 MP: 12/12
  6698 | D:6      | Reached skill level 7 in Shields
  6806 | D:6      | Noticed Prince Ribbit
  6817 | D:6      | HP: 3/62 [something (11)]
  6817 | D:6      | Demolished by Prince Ribbit

Vault maps used:
D:1:      minmay_arrival_up_and_down, st_stairs_7, minmay_cupped
D:2:      ashenzari_altar_1, first_bread, st_stairs_9
D:3:      serial_park_tiny_pond, uniq_jessica, uniq_natasha
D:4:      cheibrodos_greedy_goblins, kennysheep_mini_moat, serial_shops, shop,
          uniq_grinder
D:5:      serial_shops, shop, uniq_crazy_yiuf_cottage, uniq_sigmund
D:6:      minmay_temple_entry_butterflies, item_on_display_b,
          uniq_prince_ribbit1
Temple:   eino_temple_water

Skill      XL: |  1  2  3  4  5  6  7  8  9 |
---------------+----------------------------+-----
Stealth        | 3 4 5 |  5.5
Shields        | 1 2 3 4 5 6 7 |  7.0
Slings         | 1 2 3 |  3.6
Evocations     | 4 5 |  5.3
Fighting       | 2 3 |  3.4
Dodging        | 3 4 |  4.0
Invocations    | 1 |  1.9
Short Blades   | |  1.0

Action                   |  1- 3 |  4- 6 |  7- 9 || total
-------------------------+-------+-------+-------++-------
Melee: Short sword       |    18 |    93 |   123 ||   234
       Constrict         |     6 |    24 |    63 ||    93
       Tentacles         |     3 |    26 |    66 ||    95
       Dagger            |       |    26 |   162 ||   188
 Fire: Hunting sling     |       |       |   100 ||   100
Invok: Fungal Bloom      |       |       |     8 ||     8
Evoke: Wand              |     1 |     5 |    21 ||    27
  Use: Scroll            |       |     5 |    10 ||    15
       Potion            |       |     6 |       ||     6
 Stab: Sleeping          |     1 |     6 |    13 ||    20
       Distracted        |     1 |       |     1 ||     2
       Confused          |       |       |     2 ||     2
  Eat: Chunk             |       |     3 |     6 ||     9
       Royal jelly       |       |       |     3 ||     3
       Bread ration      |       |       |     1 ||     1
Armor: Skin              |       |    16 |    11 ||    27
Dodge: Dodged            |     8 |    24 |    84 ||   116
Block: Large shield      |     2 |    82 |   215 ||   299
